 Dungeon Crawl Stone Soup version 0.19.1 (webtiles) character file.

74 tognito the Chopper (level 4, -12/61 HPs)
             Began as a Minotaur Berserker on Dec 1, 2016.
             Was a Believer of Trog.
             Mangled by azzavlup's ghost (17 damage)
             ... on level 3 of the Dungeon.
             The game lasted 00:02:59 (1748 turns).

tognito the Chopper (Minotaur Berserker)            Turns: 1748, Time: 00:03:00

Health: -12/61     AC:  6    Str: 28    XL:     4   Next: 9%
Magic:  3/3        EV: 11    Int:  4    God:    Trog [**....]
Gold:   126        SH:  0    Dex:  9    Spells: 0 memorised, 3 levels left

rFire  . . .     SeeInvis .     a - +0 hand axe
rCold  . . .     Gourm    .     f - +0 scale mail
rNeg   . . .     Faith    .     (no shield)
rPois  .         Spirit   .     (helmet restricted)
rElec  .         Reflect  .     (no cloak)
rCorr  .         Harm     .     (no gloves)
MR     ++...                    (no boots)
Stlth  ..........               (no amulet)
                                (no ring)
                                (no ring)

@: berserking, regenerating, very quick
A: retaliatory headbutt, horns 2, evolution 1
a: Berserk, Trog's Hand, Burn Spellbooks, Renounce Religion


You were on level 3 of the Dungeon.
You worshipped Trog.
Trog was pleased with you.
You were very hungry.

You visited 1 branch of the dungeon, and saw 3 of its levels.

You collected 126 gold pieces.

Inventory:

Hand Weapons
 a - a +0 hand axe (weapon)
Missiles
 g - 10 bolts
Armour
 f - a +0 scale mail (worn)
Scrolls
 b - 2 scrolls of teleportation {unknown}
 d - a scroll of random uselessness {unknown}
 e - 4 scrolls of identify {unknown}
 h - a scroll of immolation {unknown}
 i - a scroll of enchant armour {unknown}
 l - a scroll of recharging {unknown}
Potions
 k - a potion of haste
 m - a potion of berserk rage
Comestibles
 c - 3 bread rations
 j - a slice of pizza


   Skills:
 * Level 4.5 Fighting
 * Level 4.6 Axes
 + Level 2.8 Armour
 + Level 2.9 Dodging


You had 3 spell levels left.
You didn't know any spells.

Dungeon Overview and Level Annotations

Branches:
Dungeon (3/15)

Altars:
Cheibriados
Fedhas
Ru
Trog

Annotations:
D:3 azzavlup's ghost, novice GrBe


Innate Abilities, Weirdness & Mutations

You reflexively headbutt those who attack you in melee.
You have a pair of horns on your head.
You evolve.


Message History

You slash azzavlup's ghost!
You headbutt azzavlup's ghost, but do no damage.
Azzavlup's ghost is severely damaged.
You feel the effects of Trog's Hand fading.
Azzavlup's ghost hits you!!
* * * LOW HITPOINT WARNING * * *
You hit azzavlup's ghost but do no damage.
Azzavlup's ghost is severely damaged.
You closely miss azzavlup's ghost.
Azzavlup's ghost is severely damaged.
Azzavlup's ghost barely misses you.
Unknown command.
You barely miss azzavlup's ghost.
Azzavlup's ghost is severely damaged.
Azzavlup's ghost hits you!
* * * LOW HITPOINT WARNING * * *
You barely miss azzavlup's ghost. You headbutt azzavlup's ghost!
Azzavlup's ghost is almost destroyed.
Azzavlup's ghost hits you!
You die...

#......# #......##
#....... #......
#.....# ###
#.....#
..#.###..W..#
#.#...#..@.#
#.##......##
####.##..#†..#
#....#####...#
#....'.......#
#....######..#
####............#
#...........###.##
#...........# ...


You could see azzavlup's ghost.

Vanquished Creatures
  3 adders
  4 dart slugs
  2 leopard geckos
  2 giant cockroaches
  6 goblins
  5 hobgoblins
  3 bats
  5 frilled lizards
  4 kobolds
  6 rats
40 creatures vanquished.

Notes
Turn   | Place    | Note
-------+----------+-------------------------------------------
     0 | D:1      | tognito the Minotaur Berserker began the quest for the Orb.
     0 | D:1      | Reached XP level 1. HP: 19/19 MP: 0/0
   145 | D:1      | Reached XP level 2. HP: 23/27 MP: 1/1
   618 | D:2      | Found a snail-covered altar of Cheibriados.
   727 | D:2      | Reached ** piety under Trog
   727 | D:2      | Reached XP level 3. HP: 29/33 MP: 2/2
   742 | D:2      | Found a bloodstained altar of Trog.
   973 | D:2      | Gained mutation: You evolve. [potion of beneficial mutation]
  1418 | D:2      | Found a faded altar of an unknown god.
  1418 | D:2      | Found a sacrificial altar of Ru.
  1424 | D:2      | Found a faded altar of an unknown god.
  1426 | D:2      | Found a faded altar of an unknown god.
  1428 | D:2      | Found a faded altar of an unknown god.
  1577 | D:3      | Found a blossoming altar of Fedhas.
  1653 | D:3      | Reached XP level 4. HP: 37/41 MP: 3/3
  1734 | D:3      | Noticed azzavlup's ghost (novice GrBe)
  1748 | D:3      | Mangled by azzavlup's ghost

Skill      XL: |  1  2 |
---------------+-------+-----
Axes           | 4 |  4.6
Fighting       | 4 |  4.5
Armour         | |  2.8
Dodging        | |  2.9

Action                   |  1- 3 |  4- 6 || total
-------------------------+-------+-------++-------
Melee: Hand axe          |    68 |    18 ||    86
       Headbutt          |    11 |     3 ||    14
Invok: Berserk           |       |     1 ||     1
       Trog's Hand       |       |     1 ||     1
  Use: Potion            |     4 |       ||     4
  Eat: Chunk             |     2 |     1 ||     3
Armor: Animal skin       |     2 |       ||     2
       Scale mail        |    21 |     4 ||    25
Dodge: Dodged            |    34 |     3 ||    37
